 Dungeon Crawl Stone Soup version 0.30-a0-652-gcc886f7154 (webtiles) character file.

Game seed: 15782423209392547590

259 voltaire321 the Ducker (level 6, -1/48 HPs)
             Began as a Merfolk Gladiator on Jan 17, 2023.
             Slain by Pikel
             ... wielding a +1 whip of flaming
              (3 damage)
             ... on level 4 of the Dungeon.
             The game lasted 00:06:29 (2647 turns).

voltaire321 the Ducker (Merfolk Gladiator)          Turns: 2647, Time: 00:06:29

Health: -1/48      AC:  7    Str: 14    XL:     6   Next: 17%
Magic:  6/6        EV: 13    Int:  7    God:
Gold:   139        SH:  0    Dex: 18    Spells: 5/5 levels left

rFire   . . .      SeeInvis .    a - +0 long sword
rCold   + . .      Faith    .    (no shield)
rNeg    . . .      Spirit   .    v - +0 ring mail
rPois   .          Reflect  .    c - +0 helmet
rElec   .          Harm     .    (no cloak)
rCorr   .          Rampage  .    (no gloves)
Will    .....                    w - +0 pair of boots
Stlth   +                        (no amulet)
HPRegen 0.28/turn                t - ring of protection from cold
MPRegen 0.10/turn                (no ring)

@: mighty
A: (nimble swimmer 2), mertail
a: no special abilities


You were on level 4 of the Dungeon.
You visited 1 branch of the dungeon, and saw 4 of its levels.

You collected 139 gold pieces.

Inventory:

Hand Weapons
 a - a +0 long sword (weapon)
Missiles
 d - 3 throwing nets (quivered)
 e - a javelin
Armour
 c - a +0 helmet (worn)
 v - a +0 ring mail (worn)
 w - a +0 pair of boots (worn)
Jewellery
 t - a ring of protection from cold (left hand)
Scrolls
 b - a scroll of fog {unknown}
 g - 3 scrolls of noise {unknown}
 l - 3 scrolls of teleportation {unknown}
 m - a scroll of fear {unknown}
 n - 2 scrolls of identify {unknown}
 o - a scroll of silence {unknown}
 s - 3 scrolls of magic mapping {unknown}
 x - a scroll of blinking {unknown}
Potions
 f - a potion of invisibility {unknown}
 h - 3 potions of haste {unknown}
 i - a potion of mutation {unknown}
 k - a potion of cancellation {unknown}
 p - 4 potions of attraction {unknown}
 q - a potion of magic {unknown}
 r - 3 potions of heal wounds {unknown}
 u - a potion of brilliance {unknown}


   Skills:
 + Level 3.9 Fighting
 + Level 5.0 Long Blades
 + Level 3.5 Throwing
 + Level 5.6 Dodging


You had 5 spell levels left.
You didn't know any spells.
Your spell library contained the following spells:

 Spells                   Type           Power      Damage    Failure   Level
 Shock                    Conj/Air       0%         1d3       67%         1
 Swiftness                Air            0%         N/A       96%         3
 Airstrike                Air            0%         2d(0-16)  100%        4


Dungeon Overview and Level Annotations

Branches:
Dungeon (4/15)
 Temple: D:4-7

Altars:

Annotations:
D:3 3 runed translucent doors, timneilson's ghost, amateur DsGl
D:4 Pikel


Innate Abilities, Weirdness & Mutations

((You are very nimble when in or above water. (Stealth+, EV+, Speed+++)))
Your lower body shifts to a powerful aquatic tail in water.


Message History

Pikel burns you.
You hit Pikel.
Pikel is moderately wounded.
Pikel hits you but does no damage.
You barely miss Pikel.
Pikel is moderately wounded.
Pikel hits you with a +1 whip of flaming.
Pikel burns you.
A lemure comes into view.
You closely miss Pikel.
Pikel is moderately wounded.
The lemure shouts!
You hear a shout!
Pikel hits you with a +1 whip of flaming.
Pikel burns you.
You barely miss Pikel.
Pikel is moderately wounded.
Pikel misses you.
You hit Pikel.
Pikel is moderately wounded.
Pikel hits you with a +1 whip of flaming.
Pikel burns you.
Pikel hits you with a +1 whip of flaming!
* * * LOW HITPOINT WARNING * * *
Pikel burns you.
* * * LOW HITPOINT WARNING * * *
You completely miss Pikel.
Pikel is moderately wounded.
Pikel barely misses you.
You closely miss Pikel.
Pikel is moderately wounded.
Pikel barely misses you.
You feel very mighty all of a sudden.
Pikel hits you with a +1 whip of flaming!
* * * LOW HITPOINT WARNING * * *
Pikel burns you.
* * * LOW HITPOINT WARNING * * *
You slash Pikel!
Pikel is heavily wounded.
Pikel hits you with a +1 whip of flaming.
You die...

..... ..... #.# ..... #.#.5 .<...
#.#.# ..... #.#5### #.# .....
#.#... #.# ###+# #.#K:# #.#
#.#..# #.# ###.## #.#.##@#..# #.#
...... ........K55#######.# #####
.#.#.##.#..#....##.# ##
#)##.#..#.##.##.# .##
........#.##.##.# ..#
#.####.......##.##### ..# ..
#.#...#.###.......... ..##......#
..........#.###.#####
...'......#########.#.#.........#


You could see Pikel and 2 lemures.

Vanquished Creatures
  Pargi (D:3)
  7 adders
  4 worms
  4 dart slugs
  9 orcs
  6 endoplasms
  5 giant cockroaches
  6 goblins
  7 hobgoblins
  4 quokkas
  3 ball pythons
  4 bats
  A frilled lizard (D:1)
  6 kobolds
  6 rats
73 creatures vanquished.

Vanquished Creatures (others)
  A plant (D:4)
1 creature vanquished.

Grand Total: 74 creatures vanquished

Notes
Turn   | Place    | Note
-------+----------+-------------------------------------------
     0 | D:1      | voltaire321 the Merfolk Gladiator began the quest for the
                  | Orb.
     0 | D:1      | Reached XP level 1. HP: 16/16 MP: 1/1
   129 | D:1      | Reached XP level 2. HP: 16/23 MP: 2/2
   379 | D:1      | Reached XP level 3. HP: 27/28 MP: 3/3
   684 | D:2      | Found a faded altar of an unknown god.
   864 | D:2      | Reached XP level 4. HP: 32/34 MP: 4/4
  1685 | D:3      | Found a runed translucent gate.
  1686 | D:3      | Found a runed translucent gate.
  1687 | D:3      | Found a runed translucent gate.
  1705 | D:3      | Reached skill level 5 in Dodging
  1744 | D:3      | Noticed timneilson's ghost (amateur DsGl)
  1776 | D:3      | Reached XP level 5. HP: 26/41 MP: 5/5
  1938 | D:3      | Noticed Pargi
  1958 | D:3      | Killed Pargi
  1959 | D:3      | Reached XP level 6. HP: 34/48 MP: 6/6
  2129 | D:3      | Reached skill level 5 in Long Blades
  2631 | D:4      | Noticed Pikel
  2646 | D:4      | HP: 2/48 [Pikel/+1 whip of flaming (1)]
  2647 | D:4      | Slain by Pikel

Illustrated notes

Levels and vault maps discovered:
D:1:      heliophobic_arrival_dark_side_of_the_moon, layout_rooms
D:2:      layout_loops_ring, ebering_ecumenical_altar_webs, minmay_pentomino_q2
D:3:      layout_basic, gammafunk_ghost_split, glass_columns_a, uniq_pargi
D:4:      layout_basic, tso_oasis_becter, kennysheep_mini, serial_shops, shop,
          uniq_eustachio, uniq_pikel

Skill      XL: |  1  2  3  4  5  6 |
---------------+-------------------+-----
Long Blades    | 4 5 |  5.0
Fighting       | 3 |  3.9
Throwing       | 3 |  3.5
Dodging        | 5 |  5.6

Action                   |  1- 3 |  4- 6 || total
-------------------------+-------+-------++-------
Melee: Long sword        |    90 |   151 ||   241
       Punch             |       |     2 ||     2
Throw: Throwing net      |       |     2 ||     2
  Use: Potion            |       |     1 ||     1
 Stab: Sleeping          |     2 |     2 ||     4
Armor: Leather armour    |    27 |    34 ||    61
       Ring mail         |       |    15 ||    15
Dodge: Dodged            |    55 |   114 ||   169

Table legend: (Time is in decaauts)
 A = Elapsed time spent in this place.
 B = Non-inter-level travel time spent in this place.
 C = Inter-level travel time spent in this place.
 D = Time resting spent in this place.
 E = Time spent auto-exploring this place.
 F = Levels seen in this place.
 G = Mean time per level.
                   A        B        C        D        E       F      G
               +--------+--------+--------+--------+--------+-----+--------+
         Total |   2690 |   2677 |     13 |    253 |   1652 |   4 |  672.5 |
       Dungeon |   2690 |   2677 |     13 |    253 |   1652 |   4 |  672.5 |
               +--------+--------+--------+--------+--------+-----+--------+

Top non-repeatable levels by time:
     D:2: 844 daAuts
     D:3: 788 daAuts
     D:1: 679 daAuts
     D:4: 377 daAuts
